 Dungeon Crawl Stone Soup: Circus Animals version 1.7-37-g2c94cca (webtiles) character file.

61 DarthKuruptios the Insei (level 5, -1/72 HPs) *STANDARD*
             Began as an Octopode Transmuter on Oct 13, 2016.
             Slain by a scorpion (3 damage)
             ... on level 4 of the Dungeon.
             The game lasted 00:11:13 (2813 turns).

DarthKuruptios the Insei (Octopode Transmuter)      Turns: 2813, Time: 00:11:13

Health: -1/72      AC:  2    Str: 11    XL:     5   Next: 48%
Magic:  100/100    EV: 15    Int: 14    God:
Gold:   161        SH:  0    Dex: 15    Spells: 2 memorised, 4 levels left

rFire  . . .     rPois    .       - Unarmed
rCold  . . .     rElec    .     (no shield)
rNeg   . . .     rCorr    .     (helmet restricted) MagicSh . . . SeeInvis .
                                c - +0 cloak StaminaSh . . . Faith .
                                (no amulet) RegenHP +++.......
SustAt .                        (no ring) RegenSP +++....... Dismiss .
                                (no ring) RegenMP +++....... Reflect .
                                (no ring)
MR     .....     Harm     .     (no ring)
Stlth  ++........               (no ring)
                                (no ring)
                                (no ring)
                                (no ring)

@: about to teleport, appendage, slow, not resistant to hostile enchantments,
unstealthy
A: almost no armour, amphibious, 8 rings, constrict 8, tentacle spike 3,
camouflage 1, gelatinous body 2
a: End Transformation


You were on level 4 of the Dungeon.
You were not hungry.
One of your tentacles had a temporary spike.
You visited 1 branch of the dungeon, and saw 4 of its levels.

You collected 161 gold pieces.

Inventory:

Missiles
 a - 15 arrows (quivered)
 b - 12 javelins of penetration
 e - 21 arrows of flame
 f - 14 poisoned arrows
Armour
 c - a +0 cloak (worn)
Wands
 d - a wand of flame (34/48)
Scrolls
 b - a scroll of immolation
 h - a scroll of enchant armour {unknown}
 k - 2 scrolls of teleportation
 o - 2 scrolls of identify
Potions
 c - 5 potions of stamina
 d - 5 potions of magic
 e - 6 potions of curing
 f - a potion of flight {unknown}
 g - 2 potions of agility {unknown}
 i - a potion of ambrosia {unknown}
 j - a potion of haste {unknown}
 l - 2 potions of mutation {unknown}
 m - a potion of lignification {unknown}
 n - a potion of cancellation {unknown}
 p - a potion of invisibility {unknown}
Books
 a - a book of Changes

   Spells                             Type                      Level
   a - Beastly Appendage              Transmutation                1
   b - Sticks to Snakes               Transmutation/Summoning      2
   c - Spider Form                    Transmutation/Poison         3
   d - Ice Form                       Ice/Transmutation            4
   e - Blade Hands                    Transmutation/Earth          5


   Skills:
 - Level 2.9 Fighting
 - Level 2.9 Dodging
 - Level 3.6 Unarmed Combat
 + Level 3.1 Spellcasting
 * Level 2.5 Transmutations
 * Level 0.0 Earth Magic


You had 4 spell levels left.
You knew the following spells:

 Your Spells              Type           Power        Failure   Level  Hunger
a - Beastly Appendage     Tmut           #.........   7%          1    ##.....
b - Blade Hands           Tmut/Erth      #.........   73%         5    ####...


Dungeon Overview and Level Annotations

Branches:
Dungeon (4/7)

Altars:


Innate Abilities, Weirdness & Mutations

You cannot wear most types of armour.
You are amphibious.
You can wear up to eight rings at the same time.
You can use your tentacles to constrict eight enemies at once.
Your skin changes colour to match your surroundings (Stealth+).
Your pliable body absorbs attacks. (AC +1, EV +1)
One of your tentacles bears a large vicious spike.


Message History

Your squeeze misses the ogre.
The ogre hits you with a giant club! (hp-15)
* * * LOW HITPOINT WARNING * * *; The jackal completely misses you. x2
You feel better. The jackal completely misses you. The jackal bites you. (hp-3)
* * * LOW HITPOINT WARNING * * *; The ogre completely misses you.
The jackal completely misses you. x2
A scorpion comes into view. (hp=17, hd=3)
The jackal completely misses you. The jackal completely misses you.
The scorpion stings you! (hp-8) Damage (8) was greater than 30% of your hp (12)!!!
* * * LOW HITPOINT WARNING * * *
The jackal completely misses you. The jackal completely misses you.
The jackal bites you but does no damage.
The scorpion completely misses you. The jackal completely misses you.
As you read the scroll of teleportation, it crumbles to dust.
You feel strangely unstable.
The ogre hits you with a giant club! (hp-13)
* * * LOW HITPOINT WARNING * * *; The scorpion stings you. (hp-3)
You die...

............
...........
...........
......#########
.....h#.......#
......#.......#
..............#######
...............s....#
..............h.@...#
...............Oh...#
#######.............#
#.......#######
#.......# #....####
######


You could see an ogre, a scorpion and 2 jackals.

Vanquished Creatures
  A centaur (D:3)
  A scorpion (D:4)
  A giant frog skeleton (D:4)
  2 orc priests (D:4)
  An orc wizard (D:4)
  5 giant geckos
  An ooze (D:2)
  4 orcs
  6 worms
  7 adders
  3 giant cockroaches
  11 goblins
  10 hobgoblins
  13 jackals
  An adder skeleton (D:4)
  A ball python (D:3)
  8 bats
  A giant gecko skeleton (D:4)
  6 giant newts
  7 kobolds
  A quokka skeleton (D:4)
  8 rats
99 creatures vanquished.

Notes
Turn   | Place    | Note
-------+----------+-------------------------------------------
     0 | D:1      | DarthKuruptios the Octopode Transmuter began the quest for the Orb.
     0 | D:1      | Reached XP level 1. HP: 32/32 MP: 100/100
   355 | D:1      | Reached XP level 2. HP: 38/42 MP: 100/100
  1104 | D:1      | Reached XP level 3. HP: 44/52 MP: 100/100
  1546 | D:2      | Gained mutation: Your pliable body absorbs attacks. (AC +1, EV +1) [Octopode growth]
  1546 | D:2      | Reached XP level 4. HP: 62/62 MP: 100/100
  2168 | D:3      | Reached XP level 5. HP: 50/72 MP: 100/100
  2406 | D:3      | Learned a level 5 spell: Blade Hands
  2813 | D:4      | HP: 2/72 [ogre/giant club (13)]
  2813 | D:4      | Slain by a scorpion

Skill      XL: |  1  2  3  4 |
---------------+-------------+-----
Spellcasting   | 3 |  3.1
Fighting       | |  2.9
Dodging        | |  2.9
Unarmed Combat | |  3.6
Transmutations | |  2.5

Action                   |  1- 3 |  4- 6 || total
-------------------------+-------+-------++-------
Melee: Unarmed           |   103 |   202 ||   305
       Kick              |    30 |    53 ||    83
       Constrict         |    27 |    41 ||    68
       Tentacles         |    20 |    33 ||    53
       Punch             |     3 |     3 ||     6
 Cast: Beastly Appendage |     1 |     3 ||     4
  Use: Scroll            |     3 |     8 ||    11
       Potion            |       |     4 ||     4
 Stab: Sleeping          |     6 |    11 ||    17
Armor: Skin              |     6 |    49 ||    55
Dodge: Dodged            |    64 |   249 ||   313
